 Dungeon Crawl Stone Soup version 0.22.1-1-ga44c0e5 (webtiles) character file.

1598 Iscandelvey the Quickloader (level 8, -8/69 HPs)
             Began as a Deep Dwarf Arcane Marksman on Oct 23, 2018.
             Was a Follower of Trog.
             Mangled by an orc warrior
             ... wielding a +0 glaive
              (11 damage)
             ... on level 7 of the Dungeon.
             The game lasted 00:37:58 (5877 turns).

Iscandelvey the Quickloader (DDAM)                  Turns: 5877, Time: 00:37:59

Health: -8/69      AC: 10    Str: 14    XL:     8   Next: 62%
Magic:  11/11      EV: 12    Int: 19    God:    Trog [*.....]
Gold:   405        SH:  0    Dex: 13    Spells: 12/13 levels left

rFire    + + .     SeeInvis +   a - +0 hand crossbow
rCold    . . .     Gourm    .   (no shield)
rNeg     . . .     Faith    .   z - +2 leather armour {rF+}
rPois    .         Spirit   .   x - +0 helmet
rElec    .         Reflect  .   t - +0 cloak
rCorr    .         Harm     +   E - +0 pair of gloves
MR       +....                  N - +0 pair of boots
Stlth    +.........             H - amulet of the Final Chapter {Harm *Drain rF+ Int+3 SInv}
HPRegen  0.00/turn              (no ring)
MPRegen  0.12/turn              (no ring)

@: non-regenerating
A: damage resistance, heal wounds, sense surroundings 1, no regeneration
a: Heal Wounds, Berserk, Renounce Religion


You were on level 7 of the Dungeon.
You worshipped Trog.
Trog was aware of your devotion.
You were not hungry.

You visited 2 branches of the dungeon, and saw 8 of its levels.

You collected 405 gold pieces.

Inventory:

Hand Weapons
 a - a +0 hand crossbow (weapon)
 l - a +0 mace
 y - a +1 dagger of venom
 A - a +0 falchion
 D - a +2 falchion of freezing
 G - the +9 quarterstaff of Qafiyqus {drain, Int+5, unknown}
   (You found it on level 5 of the Dungeon)

   A truly terrible weapon, it drains the life of those it strikes.
   It affects your intelligence (+5).
Missiles
 d - 46 bolts (quivered)
Armour
 e - a +0 robe
 j - a +0 leather armour
 q - a +0 scale mail
 t - a +0 cloak (worn)
 x - a +0 helmet (worn)
 z - a +2 leather armour of fire resistance (worn)
 E - a +0 pair of gloves (worn)
 N - a +0 pair of boots (worn)
Jewellery
 H - the amulet of the Final Chapter (around neck) {Harm *Drain rF+ Int+3 SInv}
   (You found it on level 5 of the Dungeon)

   [amulet of harm]

   It increases damage dealt and taken.
   It affects your intelligence (+3).
   It protects you from fire.
   It lets you see invisible.
   It causes draining when unequipped.
 J - an uncursed ring of fire
Wands
 u - a wand of polymorph (15)
 v - a wand of flame (21)
 B - a wand of acid (14)
 C - a wand of digging (10)
Scrolls
 b - 2 scrolls of noise {unknown}
 c - a scroll of magic mapping {unknown}
 g - 4 scrolls of remove curse {unknown}
 h - a scroll of amnesia {unknown}
 m - 2 scrolls of enchant armour {unknown}
 n - a scroll of immolation {unknown}
 p - 5 scrolls of teleportation {unknown}
 s - 10 scrolls of identify {unknown}
 F - a scroll of enchant weapon {unknown}
 L - 2 scrolls of blinking {unknown}
 M - a scroll of fear {unknown}
Potions
 i - a potion of lignification {unknown}
 k - 3 potions of brilliance {unknown}
 o - 3 potions of magic {unknown}
 r - 3 potions of curing {unknown}
 w - a potion of might {unknown}
 K - a potion of berserk rage {unknown}
Comestibles
 f - 12 rations
 I - 4 chunks of flesh


   Skills:
 + Level 3.0 Fighting
 * Level 9.2 Crossbows
 + Level 4.3 Armour
 + Level 2.8 Dodging
 + Level 0.5 Stealth
 - Level 3.0 Spellcasting
 - Level 3.2 Hexes


You had 12 spell levels left.
You knew the following spells:

 Your Spells              Type           Power        Failure   Level  Hunger
a - Corona                Hex            ###....      4%          1    None

Your spell library contained the following spells:

 Spells                   Type           Power        Failure   Level  Hunger
 Slow                     Hex            ###.....     8%          2    ##.....
 Inner Flame              Hex/Fire       #.......     28%         3    ###....
 Portal Projectile        Hex/Tloc       #.....       28%         3    ###....
 Cause Fear               Hex            ###.......   43%         4    ####...
 Leda's Liquefaction      Hex/Erth       #.........   67%         4    ####...


Dungeon Overview and Level Annotations

Branches:
Dungeon (7/15)             Temple (1/1) D:4

Altars:
Ashenzari
Cheibriados
Dithmenos
Elyvilon
Fedhas
Gozag
Kikubaaqudgha
Nemelex Xobeh
Okawaru
Qazlal
Ru
Trog
Vehumet
Wu Jian
Yredelemnul
Zin
The Shining One

Annotations:
D:5 7 runed doors, dvd's ghost, novice OgFi


Innate Abilities, Weirdness & Mutations

You are resistant to damage.
You can heal yourself by infusing magical energy.
You passively map a small area around you.
You do not regenerate.


Message History

You shoot a bolt.
The bolt hits the orc warrior but does no damage.
The orc warrior is severely wounded.
The orc warrior hits you from afar with a glaive!
* * * LOW HITPOINT WARNING * * *
Firing (i - inventory)
d - 48 bolts (quivered)
Press: ? - help, Shift-Dir - straight line, f/p - orc warrior
Aim: an orc warrior, wielding a glaive and wearing a chain mail (severely You shoot a bolt.
The bolt hits the orc warrior but does no damage.
The orc warrior is severely wounded.
Firing (i - inventory)
d - 47 bolts (quivered)
Press: ? - help, Shift-Dir - straight line, f/p - orc warrior
Aim: an orc warrior, wielding a glaive and wearing a chain mail (severely You shoot a bolt.
The bolt barely misses the orc warrior.
The bolt hits the orc!
You kill the orc!
Trog accepts your kill.
The orc warrior hits you from afar with a glaive!
You die...

,
*..##..............#.....##....
*#.#...†...............######..
#.#..................## ##.
#...................## ##
##.................## #.
###..:..............## ##
##..................## #
#..................##
)..........W....@.##
..#####....###...## ###
##....####o# ##...# #o)#
*....##5## #......# * *##..
,(..# * * *###.... ...##
####...........


You could see a hungry ghost, an orc warrior, a quasit and an orc.

Vanquished Creatures
  A water moccasin (D:5)
  A sky beast (D:6)
  2 ogres (D:4)
  2 centaurs
  2 bullfrogs
  A scorpion (D:7)
  3 crimson imps (D:5)
  4 orc priests
  2 hounds
  A centaur skeleton (D:5)
  8 orc wizards
  3 iguanas
  2 worker ants
  Robin (D:3)
  3 gnolls (D:3)
  6 adders
  A shadow imp (D:5)
  An ooze (D:1)
  2 adder zombies (D:5)
  An adder skeleton (D:6)
  A dart slug (D:1)
  5 worms
  4 leopard geckos
  18 orcs
  2 giant cockroaches
  15 goblins
  9 hobgoblins
  4 jackals
  3 quokkas
  10 bats
  7 frilled lizards
  A jackal skeleton (D:5)
  6 kobolds
  A leopard gecko skeleton (D:5)
  A quokka skeleton (D:4)
134 creatures vanquished.

Notes
Turn   | Place    | Note
-------+----------+-------------------------------------------
     0 | D:1      | Iscandelvey the Deep Dwarf Arcane Marksman began the quest
                  | for the Orb.
     0 | D:1      | Reached XP level 1. HP: 16/16 MP: 2/2
   150 | D:1      | Reached XP level 2. HP: 16/24 MP: 3/3
   951 | D:2      | Reached XP level 3. HP: 30/30 MP: 3/5
  1005 | D:2      | Reached skill level 1 in Fighting
  1167 | D:2      | Reached skill level 3 in Crossbows
  1243 | D:2      | Reached skill level 1 in Armour
  1286 | D:2      | Found a basalt altar of Yredelemnul.
  1599 | D:3      | Reached XP level 4. HP: 32/38 MP: 1/6
  1754 | D:3      | HP: 1/38 [something (8)]
  1817 | D:3      | Noticed Robin
  1889 | D:3      | Killed Robin
  2009 | D:3      | Reached skill level 4 in Crossbows
  2009 | D:3      | Reached XP level 5. HP: 25/44 MP: 5/8
  2279 | D:3      | Reached XP level 6. HP: 26/51 MP: 2/9
  2803 | D:4      | Reached skill level 5 in Crossbows
  2881 | D:3      | Reached XP level 7. HP: 48/57 MP: 9/11
  3051 | D:4      | Found an ornate altar of the Wu Jian Council.
  3051 | D:4      | Found a bloodstained altar of Trog.
  3284 | D:4      | Found a staircase to the Ecumenical Temple.
  3294 | Temple   | Entered the Ecumenical Temple
  3591 | D:4      | Became a worshipper of Trog the Wrathful
  3624 | D:5      | Entered Level 5 of the Dungeon
  3624 | D:5      | Found a runed gate.
  3624 | D:5      | Found a runed gate.
  3624 | D:5      | Found a runed gate.
  3714 | D:5      | Found a large runed door.
  3714 | D:5      | Found a large runed door.
  3735 | D:5      | Found a large runed door.
  3735 | D:5      | Found a large runed door.
  3955 | D:5      | Noticed dvd's ghost (novice OgFi)
  3979 | D:5      | Reached skill level 6 in Crossbows
  4316 | D:5      | Got an iridescent quarterstaff
  4408 | D:5      | Reached skill level 7 in Crossbows
  4433 | D:5      | Reached XP level 8. HP: 21/67 MP: 11/11
  4468 | D:5      | Got a warped garnet amulet
  4469 | D:5      | Identified the amulet of the Final Chapter {Harm *Drain rF+
                  | Int+3 SInv} (You found it on level 5 of the Dungeon)
  4742 | D:6      | Reached * piety under Trog
  4805 | D:6      | Reached skill level 8 in Crossbows
  5117 | D:6      | Found the +3 giant club "Skullcrusher" {speed, Str+7}
  5726 | D:7      | Reached skill level 9 in Crossbows
  5875 | D:7      | HP: 3/69 [orc warrior/glaive (8)]
  5877 | D:7      | Mangled by an orc warrior

Skill      XL: |  1  2  3  4  5  6  7  8 |
---------------+-------------------------+-----
Fighting       | 1 3 |  3.0
Crossbows      | 3 4 5 7 9 |  9.2
Armour         | 1 2 3 4 |  4.3
Hexes          | 3 |  3.2
Spellcasting   | 2 3 |  3.0
Dodging        | |  2.8
Stealth        | |  0.5

Action                   |  1- 3 |  4- 6 |  7- 9 || total
-------------------------+-------+-------+-------++-------
Melee: Hand crossbow     |       |     2 |       ||     2
 Fire: Hand crossbow     |    91 |   129 |   231 ||   451
 Cast: Corona            |    38 |    29 |     3 ||    70
 Abil: Heal Wounds       |     1 |     6 |     4 ||    11
  Eat: Chunk             |     3 |     5 |     9 ||    17
Armor: Robe              |     5 |    20 |     2 ||    27
       Scale mail        |     6 |       |       ||     6
       Leather armour    |     5 |     1 |    49 ||    55
Dodge: Dodged            |    42 |    78 |    79 ||   199
